AoeStats
← ArtTroy2751

Glade

510342214Analyzed
1v1 RM · 1d ago on Sep 30, 2026· 16m 44s· 2 players
Game mode
Random Map
Map size
Tiny (2 player)
Population
200
Speed
Normal
Resources
Standard
Victory
Conquest
Starting age
Dark Age
Ending age
Imperial Age
RankedLock teamsTeams togetherTeam positionsShared explorationLock speedFull tech treeHidden civsTurbo modeCheats
Victory
Defeat
🇹🇷 Huns · Türkiye
1305
+15
🇲🇽 Cumans · Mexico
1288
-15
ArtTroy2751
8:15 Loom
10:22 Feudal Age
16:11 Wheelbarrow
16:20 Double-Bit Axe
GLX_Mirach_61
9:44 Feudal Age
10:04 Man-at-Arms
11:57 Arson
15:28 Double-Bit Axe
16:29 Padded Archer Armor
16:23 Fletching
Connection lost

Rejoining the realm…

Still unreachable

The connection could not be restored.

Session expired

The server has moved on; the page needs a fresh start.